 Dungeon Crawl Stone Soup version 0.29-a0-817-g9904bce7a6 (webtiles) character file.

Game seed: 1948591280287083294

81 buhh the Insei (level 4, 0/43 HPs)
             Began as an Octopode Transmuter on July 5, 2022.
             Slain by an orc priest
             ... wielding a +2 hand axe of flaming
              (1 damage)
             ... on level 2 of the Dungeon.
             The game lasted 00:02:50 (2260 turns).

buhh the Insei (Octopode Transmuter)                Turns: 2260, Time: 00:02:50

Health: 0/43       AC: 22    Str:  9    XL:     4   Next: 40%
Magic:  7/7        EV:  2    Int: 17    God:
Gold:   39         SH:  0    Dex: 12    Spells: 4/7 levels left

rFire   . . .      SeeInvis .     - Unarmed
rCold   . . .      Faith    .   (no shield)
rNeg    . . .      Spirit   .   (helmet currently unavailable)
rPois   +          Reflect  .   (no amulet)
rElec   .          Harm     .   (no ring)
rCorr   .          Rampage  .   (no ring)
Will    .....      NoTele   +   (no ring)
Stlth   ++........              (no ring)
HPRegen 0.14/turn               (no ring)
MPRegen 0.10/turn               (no ring)
                                (no ring)
                                (no ring)

@: tree-form (expiring)
A: stationary, stasis, torment immunity, boosted hp, almost no armour,
(amphibious), 8 rings, (camouflage 1), (gelatinous body 1), (nimble swimmer 1),
(tentacles)
a: no special abilities


You were on level 2 of the Dungeon.
You were a tree.
You visited 1 branch of the dungeon, and saw 2 of its levels.

You collected 39 gold pieces.

Inventory:

Magical Staves
 q - a staff of fire
Scrolls
 a - a scroll of fog {unknown}
 b - 2 scrolls of identify {unknown}
 c - 2 scrolls of poison {unknown}
 e - a scroll of immolation {unknown}
Potions
 d - a potion of mutation {unknown}
 f - a potion of heal wounds {unknown}
 g - a potion of magic {unknown}
 h - 2 potions of curing {unknown}
 i - a potion of resistance {unknown}
 j - a potion of berserk rage {unknown}


   Skills:
 - Level 2.0 Fighting
 - Level 2.0 Dodging
 - Level 3.0 Stealth
 * Level 3.6 Unarmed Combat
 - Level 2.0 Spellcasting
 - Level 2.0 Transmutations
 - Level 2.0 Poison Magic


You had 4 spell levels left.
You knew the following spells:

 Your Spells              Type           Power      Damage    Failure   Level
a - Beastly Appendage     Tmut           16%        N/A       9%          1
b - Wereblood             Tmut           8%         N/A       13%         2

Your spell library contained the following spells:

 Spells                   Type           Power      Damage    Failure   Level
 Spider Form              Tmut/Pois      8%         N/A       26%         3
 Sublimation of Blood     Necr           1%         N/A       28%         2
 Confusing Touch          Hex            1%         N/A       50%         3
 Ice Form                 Ice/Tmut       5%         N/A       77%         4
 Petrify                  Tmut/Erth      5%         N/A       77%         4
 Irradiate                Conj/Tmut      2%         3d14      98%         5
 Yara's Violent Unravell  Hex/Tmut       2%         3d3       98%         5
 Enfeeble                 Hex            0%         N/A       100%        7


Dungeon Overview and Level Annotations

Branches:
Dungeon (2/15) Zot: 9744

Altars:
Okawaru


Innate Abilities, Weirdness & Mutations

You are a tree.
Your roots penetrate the ground, keeping you stationary.
You cannot be teleported.
You are immune to unholy pain and torment.
Your maximum health is greatly increased.
You cannot wear most types of armour.
((You are amphibious.))
You can wear up to eight rings at the same time.
((Your skin changes colour to match your surroundings (Stealth+).))
((Your rubbery body absorbs attacks. (AC +1, EV +1)))
((You are camouflaged when in or above water. (Stealth+)))
((You have tentacles for arms and can constrict up to eight enemies at once.))


Message History

The orc wizard is healed somewhat.
You attack the granite statue.
The orc wizard casts a spell.
The orc wizard flickers and vanishes!
Deactivating autopickup; reactivate with Ctrl-A.
You smack something!
Reactivating autopickup.
You feel a bit more experienced.
You feel less confused.
Training target 2.0 for Poison Magic reached!
Training target 3.0 for Stealth reached!
Your Stealth skill increases to level 3!
Your Poison Magic skill increases to level 2!
You have reached level 4!
You hit the orc priest but do no damage.
You hit the orc priest.
The orc priest is lightly wounded.
The orc priest hits you with a +2 hand axe of flaming.
The orc priest burns you.
You hit the orc priest but do no damage.
The orc priest is lightly wounded.
The orc priest hits you but does no damage.
You hit the orc priest.
The orc priest is moderately wounded.
The orc priest mumbles some strange prayers to Beogh against you.
Beogh smites you!
* * * LOW HITPOINT WARNING * * *
You hit the orc priest.
The orc priest is heavily wounded.
Your transformation is almost over.
The orc priest hits you with a +2 hand axe of flaming.
* * * LOW HITPOINT WARNING * * *
The orc priest burns you.
* * * LOW HITPOINT WARNING * * *
You hit the orc priest but do no damage.
The orc priest is heavily wounded.
The orc priest hits you with a +2 hand axe of flaming.
* * * LOW HITPOINT WARNING * * *
The orc priest burns you.
You die...

#.###8.....8## ##.##
# #.##.........##
#..#. #
#.#8.........8#.o....
#.'.....[.....+.##..
###8.........8#.#
##.........##.#
##8.....8##..#
##.....##o.#
##8♣8##oo# ##o##..#
#o...# ######


You could see an orc priest and an orc.

Vanquished Creatures
  An orc wizard (D:2)
  An adder (D:2)
  2 worms (D:2)
  A dart slug (D:1)
  2 orcs (D:2)
  3 ball pythons
  2 endoplasms (D:1)
  A giant cockroach (D:1)
  7 goblins
  4 hobgoblins
  5 kobolds
  3 bats (D:1)
  A frilled lizard (D:2)
  2 rats
35 creatures vanquished.

Notes
Turn   | Place    | Note
-------+----------+-------------------------------------------
     0 | D:1      | buhh the Octopode Transmuter began the quest for the Orb.
     0 | D:1      | Reached XP level 1. HP: 13/13 MP: 3/3
   238 | D:1      | Reached XP level 2. HP: 10/18 MP: 3/5
  1002 | D:1      | Learned a level 2 spell: Wereblood
  1009 | D:1      | Reached XP level 3. HP: 24/24 MP: 4/6
  1709 | D:2      | Found a faded altar of an unknown god.
  2152 | D:2      | Found an iron altar of Okawaru.
  2255 | D:2      | Reached XP level 4. HP: 21/29 MP: 7/7
  2259 | D:2      | HP: 2/43 [orc priest/+2 hand axe of flaming (1)]
  2260 | D:2      | Slain by an orc priest

Illustrated notes

Levels and vault maps discovered:
D:1:      sevenhm_arrival_forest_fort_large_4, layout_loops_ring,
          chequers_serial_rivers_room_a, minmay_misc_feat_cross
D:2:      layout_basic, dreamdust_ecumenical_altar_angels_and_demons,
          basic_altar, hangedman_decor_push, roderic_three_in_a_row,
          minmay_misc_feat_five, dk_noncrumbling_4

Skill      XL: |  1  2  3 |
---------------+----------+-----
Stealth        | 1 2 3 |  3.0
Poison Magic   | 1 2 |  2.0
Fighting       | 2 |  2.0
Dodging        | |  2.0
Unarmed Combat | |  3.6
Spellcasting   | |  2.0
Transmutations | |  2.0

Action                   |  1- 3 |  4- 6 || total
-------------------------+-------+-------++-------
Melee: Unarmed           |    84 |     6 ||    90
       Constrict         |    15 |       ||    15
       Kick              |    23 |       ||    23
       Tentacles         |    10 |       ||    10
       Punch             |     2 |       ||     2
 Cast: Beastly Appendage |    31 |       ||    31
  Use: Potion            |     1 |       ||     1
 Stab: Sleeping          |     4 |       ||     4
Armor: Skin              |    13 |     1 ||    14
Dodge: Dodged            |    36 |       ||    36

Table legend: (Time is in decaauts)
 A = Elapsed time spent in this place.
 B = Non-inter-level travel time spent in this place.
 C = Inter-level travel time spent in this place.
 D = Time resting spent in this place.
 E = Time spent auto-exploring this place.
 F = Levels seen in this place.
 G = Mean time per level.
                   A        B        C        D        E       F      G
               +--------+--------+--------+--------+--------+-----+--------+
         Total |   2254 |   2242 |     12 |    561 |   1382 |   2 | 1127.0 |
       Dungeon |   2254 |   2242 |     12 |    561 |   1382 |   2 | 1127.0 |
               +--------+--------+--------+--------+--------+-----+--------+

Top non-repeatable levels by time:
     D:1: 1419 daAuts
     D:2: 835 daAuts
